Map: Divergence LE

Players

EnigmaticMan

  • Race: Terran Terran
  • Spawn Location: 5:00

WarBlin

  • Race: Protoss Protoss
  • League: Diamond
  • Spawn Location: 5:00

Massa - Winner!

  • Race: Terran Terran
  • League: Gold
  • Spawn Location: 11:00

qqq - Winner!

  • Race: Protoss Protoss
  • Spawn Location: 11:00

VOD

Have the link to the VOD?

Description

Time

  • Played on: June 25, 2020, 3:54 p.m.
  • Length: 7:33
Show
View Real Time Build Order
Export as new Build Order

EnigmaticMan Terran 

Build Orders:  

Get SALT Encoding   

  12  0:02  SCV  
  13  0:14  SCV  
  14  0:24  Supply Depot  
  14  0:26  SCV  
  15  0:31  Refinery  
  15  0:47  Barracks  
  15  1:08  Supply Depot  
  15  1:13  SCV  
  16  1:25  SCV  
  17  1:54  Marine  
  17  1:58  SCV  
  17  2:01  Command Center  
  19  2:02  Refinery  
  19  2:11  SCV  
  19  2:12  Marine  
  21  2:23  SCV  
  22  2:30  Marine  
  22  2:35  SCV  
  24  2:47  SCV  
  25  2:54  Marine  
  26  3:03  Factory  
  26  3:11  Marine  
  27  3:13  Orbital Command  
  27  3:14  Orbital Command  
  27  3:29  Marine, Engineering Bay  
  27  3:33  Refinery  
  28  3:43  SCV x2  
  28  3:48  Factory Tech Lab  
  30  3:55  SCV x2, Terran Infantry Weapons Level 1  
  32  4:00  Missile Turret  
  32  4:07  SCV x2  
  34  4:17  Missile Turret  
  34  4:19  SCV x2, Supply Depot  
  34  4:23  Supply Depot  
  36  4:28  Widow Mine  
  38  4:31  SCV  
  38  4:32  SCV  
  40  4:43  Barracks Tech Lab  
  40  4:56  Starport  
  40  5:14  SCV x2  
  40  5:19  Refinery  
  42  5:26  SCV x2  
  41  5:38  SCV x2  
  43  5:55  Starport  
  42  6:08  Command Center  
  41  6:16  Hellion  
  41  6:18  Marine  
  43  6:21  Starport Tech Lab  
  44  6:32  Starport Tech Lab  
  44  6:36  Marine  
  44  6:37  Armory  
  47  6:43  Fusion Core  
  47  6:52  Siege Tank  
  47  6:54  Marine  
  45  7:11  Marine  
  45  7:24  Armory  
Show
View Real Time Build Order
Export as new Build Order

WarBlin Protoss 

Build Orders:  

Get SALT Encoding   

  12  0:01  Probe  
  13  0:13  Probe  
  14  0:19  Pylon  
  14  0:25  Probe  
  15  0:37  Probe  
  15  0:41  Gateway  
  16  0:49  Probe  
  17  0:59  Assimilator  
  17  1:01  Probe  
  18  1:13  Probe  
  19  1:29  Probe  
  20  1:39  Cybernetics Core  
  20  1:41  Probe  
  21  1:51  Gateway  
  21  1:53  Nexus  
  20  2:03  Probe  
  20  2:08  Warp Gate  
  21  2:13  Zealot  
  21  2:15  Assimilator  
  23  2:42  Pylon  
  23  2:50  Pylon  
  23  2:57  Pylon  
  23  3:00  Zealot, Stalker  
  23  3:03  Robotics Facility  
  27  3:07  Probe  
  28  3:13  Probe  
  28  3:19  Probe  
  30  3:30  Probe  
  30  3:31  Probe, Gateway  
  32  3:42  Probe  
  32  3:43  Probe  
  34  3:50  Probe  
  34  3:51  Observer  
  34  3:55  Probe  
  37  3:58  Probe  
  38  4:04  Shield Battery  
  38  4:07  Probe  
  38  4:09  Probe, Robotics Bay  
  40  4:19  Probe  
  40  4:21  Probe  
  42  4:24  Stalker  
  42  4:25  Sentry  
  42  4:31  Probe  
  47  4:33  Probe  
  47  4:34  Observer  
  49  4:39  Zealot  
  49  4:43  Probe, Gateway  
  52  4:49  Probe  
  52  4:50  Forge  
  53  4:55  Probe  
  54  5:12  Stargate  
  54  5:21  Probe  
  55  5:23  Assimilator  
  55  5:26  Nexus  
  55  5:27  Assimilator  
  55  5:57  Fleet Beacon  
  55  6:02  Stargate  
  55  6:04  Probe  
  55  6:16  Probe, Observer  
  56  6:24  Probe, Stargate  
  56  6:26  Probe  
  56  6:29  Stalker  
  56  6:30  Stalker  
  62  6:38  Probe  
  63  6:40  Stalker  
  63  6:41  Stalker  
  66  6:53  Stalker x2  
  70  6:57  Observer  
Show
View Real Time Build Order
Export as new Build Order

Massa Terran - Winner!

Build Orders:  

Get SALT Encoding   

  12  0:10  SCV  
  13  0:14  Supply Depot  
  13  0:23  SCV  
  14  0:35  SCV  
  15  0:38  Barracks  
  15  0:47  SCV  
  16  1:07  Supply Depot  
  16  1:09  SCV  
  17  1:21  SCV  
  17  1:25  Supply Depot  
  18  1:38  Marine  
  19  1:45  Orbital Command  
  19  1:48  Refinery  
  19  1:55  Marine  
  19  1:57  Barracks x2  
  20  2:08  Supply Depot  
  20  2:13  Marine  
  21  2:16  SCV  
  22  2:34  Marine  
  23  2:49  SCV  
  23  2:51  Command Center  
  24  2:52  Marine  
  24  2:56  Refinery  
  25  3:00  Engineering Bay  
  25  3:01  SCV  
  25  3:02  Barracks Tech Lab  
  26  3:09  Supply Depot  
  26  3:10  Marine  
  27  3:24  SCV  
  28  3:29  Barracks Reactor  
  28  3:31  Barracks Tech Lab  
  28  3:33  Marauder  
  30  3:36  SCV  
  31  3:47  Supply Depot  
  31  3:51  Concussive Shells  
  31  3:52  Marauder  
  31  3:54  Marauder  
  35  3:57  SCV  
  36  4:03  SCV  
  36  4:09  SCV  
  38  4:10  Stimpack  
  38  4:14  Marauder  
  41  4:18  Orbital Command  
  41  4:21  SCV  
  43  4:24  Marauder  
  43  4:29  Marine  
  43  4:31  Marine  
  45  4:33  SCV  
  45  4:35  Marauder  
  48  4:40  Combat Shield  
  50  4:45  Marauder  
  50  4:48  SCV x2  
  52  4:54  Refinery  
  52  5:00  SCV x2, Factory  
  52  5:03  Marauder, Marine x2  
  58  5:26  Terran Infantry Weapons Level 1  
  58  5:31  Missile Turret  
  58  5:35  Missile Turret  
  58  5:48  Missile Turret  
  58  5:54  Marauder x2  
  58  5:55  Marine x2  
  58  5:56  Factory Tech Lab, Missile Turret  
  64  6:07  SCV x2  
  66  6:12  Marine  
  66  6:16  Marauder  
  69  6:19  SCV  
  69  6:25  Supply Depot x2  
  70  6:28  Supply Depot  
  70  6:46  SCV x2, Marine x2  
  70  6:47  Marauder x2, Siege Tank  
  81  6:58  SCV x2  
  83  7:08  Marauder x2  
Show
View Real Time Build Order
Export as new Build Order

qqq Protoss - Winner!

Build Orders: 1 Gate Expand, Carrier Rush 

Get SALT Encoding   

  12  0:02  Probe  
  14  0:14  Probe  
  14  0:20  Pylon  
  14  0:26  Probe  
  15  0:38  Probe  
  16  0:44  Gateway  
  16  0:50  Probe  
  17  1:14  Nexus  
  17  1:29  Assimilator  
  17  1:34  Cybernetics Core  
  17  1:55  Probe  
  17  2:01  Assimilator  
  18  2:08  Probe  
  19  2:09  Pylon  
  19  2:10  Pylon  
  19  2:20  Probe  
  20  2:29  Probe  
  21  2:32  Probe  
  22  2:41  Probe, Forge  
  24  2:44  Probe  
  24  2:46  Stargate  
  24  2:54  Probe  
  24  2:56  Probe  
  26  3:05  Robotics Facility  
  26  3:06  Probe  
  27  3:13  Assimilator  
  27  3:18  Probe, Assimilator  
  28  3:30  Probe  
  29  3:37  Fleet Beacon  
  29  3:40  Probe  
  30  3:49  Probe  
  30  3:55  Mothership  
  31  3:57  Probe  
  32  4:04  Photon Cannon  
  32  4:07  Photon Cannon  
  32  4:08  Probe  
  33  4:20  Probe  
  42  4:33  Probe  
  43  4:41  Observer  
  43  4:45  Probe  
  45  4:48  Carrier  
  45  4:57  Probe  
  52  5:09  Probe  
  52  5:11  Pylon  
  52  5:12  Pylon  
  53  5:21  Probe  
  54  5:29  Observer  
  54  5:33  Probe  
  54  5:34  Pylon  
  54  5:40  Carrier  
  49  5:45  Probe  
  49  5:58  Stargate  
  48  6:09  Photon Cannon  
  48  6:15  Probe  
  49  6:27  Probe  
  50  6:39  Probe  
  57  6:51  Probe  
  58  7:03  Probe  
  66  7:15  Probe  
Tags
 
Add a new tag
Caveats
  • Supply blocks, unpowered buildings, or Contaminate may cause inaccurate times.
  • Supply counts are checked every 10 seconds.